 Dungeon Crawl Stone Soup version 0.28-a0-932-g843f935a50 (webtiles) character file.

Game seed: 16545673336891470218

106 funkygono the Digger (level 4, 0/24 HPs)
             Began as a Gargoyle Earth Elementalist on Nov 27, 2021.
             Slain by a scorpion (8 damage)
             ... on level 4 of the Dungeon.
             The game lasted 00:05:03 (2850 turns).

funkygono the Digger (Gargoyle Earth Elementalist)  Turns: 2850, Time: 00:05:04

Health: 0/24       AC:  6    Str: 12    XL:     4   Next: 84%
Magic:  3/8        EV: 12    Int: 16    God:
Gold:   87         SH:  5    Dex: 10    Spells: 2/8 levels left

rFire   . . .      SeeInvis .   k - +0 mace
rCold   . . .      Faith    .   (no shield)
rNeg    + . .      Spirit   .   b - +0 robe
rPois   ∞          Reflect  +   (no helmet)
rElec   +          Harm     .   i - +0 cloak
rCorr   +          Rampage  .   (no gloves)
Will    .....                   (no boots)
Stlth   ++........              d - amulet of reflection
HPRegen 0.08/turn               f - ring of resist corrosion
MPRegen 0.11/turn               (no ring)

@: no status effects
A: sickness immunity, AC +3, negative energy resistance 1, electricity
resistance, torment resistance 1, petrification resistance
a: no special abilities


You were on level 4 of the Dungeon.
You visited 1 branch of the dungeon, and saw 4 of its levels.

You collected 87 gold pieces.

Inventory:

Hand Weapons
 k - a +0 mace (weapon)
 m - a +0 whip
Missiles
 c - 69 stones
Armour
 b - a +0 robe (worn)
 i - a +0 cloak (worn)
Jewellery
 d - an amulet of reflection (around neck)
 f - a ring of resist corrosion (left hand)
Scrolls
 a - 2 scrolls of teleportation
 h - a scroll of acquirement {unknown}
Potions
 e - a potion of magic
 g - 2 potions of attraction
 j - a potion of berserk rage
 l - a potion of lignification {unknown}


   Skills:
 + Level 0.2 Maces & Flails
 + Level 1.9 Dodging
 - Level 2.1 Stealth
 + Level 2.7 Spellcasting
 * Level 0.9 Conjurations
 + Level 0.7 Transmutations
 + Level 5.4 Earth Magic


You had 2 spell levels left.
You knew the following spells:

 Your Spells              Type           Power      Damage    Failure   Level
a - Sandblast             Erth           38%        2d10      1%          1
b - Passwall              Tmut/Erth      10%        N/A       9%          2
c - Stone Arrow           Conj/Erth      24%        3d8       16%         3

Your spell library contained the following spells:

 Spells                   Type           Power      Damage    Failure   Level
 Ignite Poison            Fire/Tmut/Pois 3%         N/A       45%         3
 Mephitic Cloud           Conj/Pois/Air  3%         N/A       45%         3
 Petrify                  Tmut/Erth      12%        N/A       47%         4
 Freezing Cloud           Conj/Ice/Air   1%         6-21      99%         5


Dungeon Overview and Level Annotations

Branches:
Dungeon (4/15)
 Temple: D:4-7

Altars:

Shops:
D:1 ?[


Innate Abilities, Weirdness & Mutations

You are immune to sickness and miasma.
Your stone body is resilient. (AC +3)
You are immune to poison.
You resist negative energy. (rN+)
You are resistant to electric shocks. (rElec)
You are resistant to unholy torment.
You are immune to petrification.


Message History

Unknown command.
You hit the scorpion.
The scorpion is lightly wounded.
The scorpion stings you! You block the scorpion's attack.
You barely miss the scorpion.
The scorpion is lightly wounded.
The scorpion stings you.
* * * LOW HITPOINT WARNING * * *
The scorpion barely misses you.
You thump the scorpion!
The scorpion is heavily wounded.
The scorpion barely misses you.
Casting: Sandblast (safe; 1% risk of failure)
Confirm with . or Enter, or press ? or * to list all spells.
Aiming: Sandblast (safe; 1% risk of failure)
Press: ? - help, Shift-Dir - straight line, f/p - scorpion
Aim: a scorpion (heavily wounded, 79% to hit)
The blast of sand misses the scorpion.
The scorpion stings you but does no damage.
An orc comes into view. It is wielding a +0 hand axe.
You block the scorpion's attack.
Your magical contamination has completely faded away.
Casting: Sandblast (safe; 1% risk of failure)
Confirm with . or Enter, or press ? or * to list all spells.
Aiming: Sandblast (safe; 1% risk of failure)
Press: ? - help, Shift-Dir - straight line, f/p - scorpion
Aim: a scorpion (heavily wounded, 79% to hit)
The blast of sand misses the scorpion.
The orc shouts!
You hear a shout!
You block the scorpion's attack.
Unknown command.
Casting: Sandblast (safe; 1% risk of failure)
Confirm with . or Enter, or press ? or * to list all spells.
Aiming: Sandblast (safe; 1% risk of failure)
Press: ? - help, Shift-Dir - straight line, f/p - scorpion
Aim: a scorpion (heavily wounded, 79% to hit)
The blast of sand hits the scorpion but does no damage.
The scorpion is heavily wounded.
The scorpion stings you!
You die...

##....##.... #.... ....
......#... #.... ...
....##..# ##..#
..####..##..######..#
###....#..##..........+
.'....#..............#
#....#...†.......<..#
#...s#..###+####.##.#
#...@#'##....###.####
###..........#...#...
+..........#...#...
#....[.....#...#...
#..........#...#...
#......o...##..###.
##+####.....#..###.
.....+......
.....#......


You could see a scorpion and an orc.

Vanquished Creatures
  5 adders
  3 dart slugs
  9 ball pythons
  4 endoplasms
  4 giant cockroaches
  3 goblins
  3 hobgoblins
  6 jackals (D:1)
  2 quokkas (D:1)
  3 bats
  6 frilled lizards
  3 kobolds
  4 rats
55 creatures vanquished.

Notes
Turn   | Place    | Note
-------+----------+-------------------------------------------
     0 | D:1      | funkygono the Gargoyle Earth Elementalist began the quest
                  | for the Orb.
     0 | D:1      | Reached XP level 1. HP: 10/10 MP: 3/3
   106 | D:1      | Found Ucrivvigg's Magic Scroll Shoppe.
   189 | D:1      | Found Wexewn's Antique Armour Boutique.
   195 | D:1      | Reached skill level 4 in Earth Magic
   336 | D:1      | Reached XP level 2. HP: 15/15 MP: 3/5
   855 | D:1      | Reached XP level 3. HP: 19/19 MP: 4/6
   858 | D:1      | Learned a level 2 spell: Passwall
   862 | D:1      | Learned a level 3 spell: Stone Arrow
  1470 | D:2      | Reached skill level 5 in Earth Magic
  1638 | D:2      | Reached XP level 4. HP: 24/24 MP: 2/7
  2615 | D:3      | Found a faded altar of an unknown god.
  2840 | D:4      | Noticed a scorpion
  2850 | D:4      | Slain by a scorpion

Illustrated notes

Levels and vault maps discovered:
D:1:      nzn_arrival_water_spiral, layout_basic, serial_shops,
          nicolae_shop_hallway_plus, shop, kennysheep_doodads
D:2:      layout_basic
D:3:      layout_basic, shapermc_ecumenical_altar_petra, serial_park_tiny_2,
          skrybe_limestone_x
D:4:      layout_gridville, uniq_sigmund, uniq_pikel

Skill      XL: |  1  2  3 |
---------------+----------+-----
Earth Magic    | 4 5 |  5.4
Maces & Flails | |  0.2
Dodging        | |  1.9
Stealth        | |  2.1
Spellcasting   | |  2.7
Conjurations   | |  0.9
Transmutations | |  0.7

Action                   |  1- 3 |  4- 6 || total
-------------------------+-------+-------++-------
Melee: Club              |    43 |     1 ||    44
       Mace              |       |     9 ||     9
 Cast: Sandblast         |    43 |    29 ||    72
  Use: Scroll            |     3 |     3 ||     6
 Stab: Distracted        |     1 |       ||     1
Armor: Robe              |    19 |    12 ||    31
Dodge: Dodged            |    34 |    12 ||    46
Block: Other             |     5 |     8 ||    13
       Reflection        |       |     1 ||     1

Table legend: (Time is in decaauts)
 A = Elapsed time spent in this place.
 B = Non-inter-level travel time spent in this place.
 C = Inter-level travel time spent in this place.
 D = Time resting spent in this place.
 E = Time spent auto-exploring this place.
 F = Levels seen in this place.
 G = Mean time per level.
                   A        B        C        D        E       F      G
               +--------+--------+--------+--------+--------+-----+--------+
         Total |   2869 |   2812 |     57 |      0 |   2399 |   4 |  717.2 |
       Dungeon |   2869 |   2812 |     57 |      0 |   2399 |   4 |  717.2 |
               +--------+--------+--------+--------+--------+-----+--------+

Top non-repeatable levels by time:
     D:1: 1178 daAuts
     D:2: 875 daAuts
     D:3: 672 daAuts
     D:4: 142 daAuts
